General information
- name: BNet
- type: Ladder team game (AT/RT)
- host: Battle.net
- saver: bLinn
map: Mur'gulOasis
- players: 8
- length: 101:09
- speed: Fast
- version: 1.21 W3XP
- replay type:

» download(538 KB)
Players
team 1 (winner)
bLinn (
orange | 43 APM | 4350 actions | 101:09)
7 Tauren Chieftain
3 Shockwave
3 Endurance Aura
1 Reincarnation
7 Pandaren Brewmaster
3 Breath of Fire
3 Drunken Brawler
1 Storm Earth and Fire
» actions
| Assign group hotkey | 120 | |
| Basic commands | 20 | |
| Build / train | 90 | |
| ESC pressed | 3 | |
| Enter build submenu | 98 | |
| Enter hero's abilities submenu | 14 | |
| Give item / drop item | 13 | |
| Remove unit from queue | 4 | |
| Right click | 1976 | |
| Select / deselect | 906 | |
| Select group hotkey | 701 | |
| Use ability | 404 | |
4350 total
» units
» upgrades
| Spiked Barricades | 4 | |
| Reinforced Defenses | 1 | |
| Liquid Fire | 1 | |
6 total
» buildings
| Altar of Storms | 1 | |
| Orc Burrow | 4 | |
| War Mill | 1 | |
| Watch Tower | 83 | |
| Stronghold | 3 | |
| Voodoo Lounge | 3 | |
| Beastiary | 2 | |
| Fortress | 2 | |
99 total
» build order
00:02 Altar of Storms
00:11 Orc Burrow
00:35 War Mill
01:41 Orc Burrow
01:55 Watch Tower
01:56 Watch Tower
02:25 Watch Tower
03:07 Watch Tower
03:09 Watch Tower
03:10 Stronghold
03:10 Stronghold
03:45 Watch Tower
04:12 Watch Tower
04:13 Watch Tower
04:19 Watch Tower
04:21 Watch Tower
04:48 Watch Tower
04:53 Voodoo Lounge
05:25 Watch Tower
05:29 Watch Tower
05:40 Orc Burrow
05:49 Beastiary
05:50 Beastiary
06:02 Watch Tower
06:24 Voodoo Lounge
06:28 Voodoo Lounge
07:14 Watch Tower
07:18 Watch Tower
07:23 Watch Tower
07:30 Fortress
07:30 Fortress
09:04 Watch Tower
09:04 Watch Tower
09:10 Watch Tower
10:47 Watch Tower
10:48 Watch Tower
10:51 Watch Tower
10:52 Watch Tower
10:55 Watch Tower
10:55 Watch Tower
11:11 Orc Burrow
12:18 Watch Tower
12:19 Watch Tower
13:08 Watch Tower
13:10 Watch Tower
13:11 Watch Tower
13:12 Watch Tower
13:25 Watch Tower
13:27 Watch Tower
14:47 Watch Tower
14:48 Watch Tower
16:08 Watch Tower
16:09 Watch Tower
17:05 Watch Tower
17:06 Watch Tower
17:07 Watch Tower
17:09 Watch Tower
17:10 Watch Tower
17:11 Watch Tower
17:12 Watch Tower
17:22 Watch Tower
17:24 Watch Tower
19:03 Watch Tower
19:16 Watch Tower
30:09 Watch Tower
30:12 Watch Tower
30:14 Watch Tower
30:16 Watch Tower
30:21 Watch Tower
32:56 Watch Tower
33:03 Watch Tower
33:09 Watch Tower
33:15 Watch Tower
33:18 Watch Tower
34:23 Watch Tower
34:26 Watch Tower
34:27 Watch Tower
34:28 Watch Tower
34:30 Watch Tower
34:35 Watch Tower
35:30 Watch Tower
35:35 Watch Tower
35:36 Watch Tower
35:43 Watch Tower
35:44 Watch Tower
35:49 Watch Tower
35:51 Watch Tower
36:57 Watch Tower
37:03 Watch Tower
37:10 Watch Tower
37:15 Watch Tower
37:18 Watch Tower
37:38 Watch Tower
37:40 Watch Tower
38:37 Watch Tower
38:48 Watch Tower
38:50 Watch Tower
38:52 Watch Tower
» items
| Orb of Lightning | 2 | |
| Scroll of Speed | 1 | |
| Potion of Healing | 1 | |
| Boots of Speed | 2 | |
| Staff of Teleportation | 2 | |
| Healing Salve | 2 | |
| Lesser Clarity Potion | 3 | |
| Scroll of Town Portal | 1 | |
14 total

»
DIRTMCGIRT (
pink | 64 APM | 6438 actions | 101:07)
6 Death Knight
3 Death Coil
3 Unholy Aura
8 Pit Lord
3 Rain of Fire
3 Howl of Terror
1 Doom
1 Cleaving Attack
9 Dreadlord
3 Sleep
2 Vampiric Aura
3 Carrion Swarm
1 Inferno
» actions
| Assign group hotkey | 10 | |
| Build / train | 67 | |
| Enter build submenu | 16 | |
| Enter hero's abilities submenu | 21 | |
| Give item / drop item | 3 | |
| Right click | 3003 | |
| Select / deselect | 2945 | |
| Select group hotkey | 179 | |
| Use ability | 193 | |
6438 total
» units
| Acolyte | 2 | |
| Ghoul | 4 | |
| Frost Wyrm | 7 | |
13 total
» upgrades
| Creature Attack | 3 | |
| Creature Carapace | 3 | |
| Freezing Breath | 1 | |
7 total
» buildings
| Crypt | 1 | |
| Altar of Darkness | 1 | |
| Ziggurat | 7 | |
| Graveyard | 1 | |
| Tomb of Relics | 1 | |
| Nerubian Tower | 1 | |
| Halls of the Dead | 1 | |
| Black Citadel | 1 | |
| Sacrificial Pit | 1 | |
| Boneyard | 2 | |
17 total
» build order
00:14 Crypt
00:17 Altar of Darkness
00:59 Ziggurat
01:52 Graveyard
02:02 Tomb of Relics
02:08 Nerubian Tower
02:49 Ziggurat
03:42 Halls of the Dead
04:13 Ziggurat
06:18 Black Citadel
06:35 Ziggurat
07:37 Sacrificial Pit
09:42 Boneyard
09:54 Boneyard
11:10 Ziggurat
11:15 Ziggurat
16:54 Ziggurat
» items
| Rod of Necromancy | 1 | |
| Boots of Speed | 3 | |
| Staff of Teleportation | 3 | |
| Scroll of Healing | 2 | |
| Potion of Healing | 2 | |
| Orb of Corruption | 1 | |
| Potion of Mana | 1 | |
| Orb of Lightning | 3 | |
| Tome of Retraining | 1 | |
17 total
DIRTMCWordup (
green | 42 APM | 4281 actions | 101:07)
8 Archmage
3 Blizzard
3 Brilliance Aura
1 Mass Teleport
1 Summon Water Elemental
3 Blood Mage
2 Flame Strike
1 Siphon Mana
» actions
| Assign group hotkey | 17 | |
| Basic commands | 252 | |
| Build / train | 159 | |
| ESC pressed | 13 | |
| Enter build submenu | 199 | |
| Enter hero's abilities submenu | 11 | |
| Give item / drop item | 2 | |
| Right click | 1502 | |
| Select / deselect | 637 | |
| Select group hotkey | 900 | |
| Use ability | 589 | |
4281 total
» units
| Peasant | 14 | |
| Dragonhawk Rider | 20 | |
34 total
» upgrades
| Masonry | 3 | |
| Magic Sentry | 1 | |
| Lumber Harvesting | 2 | |
| Swords | 3 | |
| Armor | 3 | |
| Priest Training | 2 | |
| Sorceress Training | 2 | |
| Animal War Training | 1 | |
| Cloud | 1 | |
18 total
» buildings
| Lumber Mill | 2 | |
| Altar of Kings | 1 | |
| Farm | 15 | |
| Scout Tower | 215 | |
| Arcane Tower | 3 | |
| Guard Tower | 76 | |
| Arcane Vault | 1 | |
| Keep | 3 | |
| Arcane Sanctum | 1 | |
| Blacksmith | 1 | |
| Castle | 1 | |
| Town Hall | 1 | |
| Barracks | 1 | |
| Gryphon Aviary | 2 | |
323 total
» build order
00:34 Lumber Mill
00:37 Altar of Kings
00:42 Farm
00:50 Scout Tower
00:52 Scout Tower
01:32 Arcane Tower
01:58 Guard Tower
02:02 Scout Tower
02:04 Scout Tower
02:16 Scout Tower
02:33 Guard Tower
02:33 Guard Tower
02:37 Guard Tower
02:38 Guard Tower
03:02 Arcane Tower
03:06 Farm
03:21 Scout Tower
03:23 Scout Tower
03:34 Scout Tower
03:55 Guard Tower
04:10 Guard Tower
04:12 Scout Tower
04:13 Scout Tower
04:13 Scout Tower
04:14 Scout Tower
04:15 Scout Tower
04:16 Scout Tower
04:40 Guard Tower
04:41 Scout Tower
04:43 Scout Tower
05:15 Guard Tower
05:16 Guard Tower
06:14 Guard Tower
06:20 Scout Tower
06:20 Scout Tower
06:22 Scout Tower
06:25 Scout Tower
06:28 Guard Tower
06:30 Scout Tower
06:31 Scout Tower
06:39 Arcane Vault
06:46 Keep
06:47 Keep
07:04 Guard Tower
07:06 Guard Tower
07:06 Guard Tower
07:49 Guard Tower
07:53 Scout Tower
07:54 Scout Tower
07:59 Scout Tower
08:00 Scout Tower
08:06 Guard Tower
08:22 Guard Tower
08:27 Scout Tower
09:10 Scout Tower
09:11 Scout Tower
09:13 Scout Tower
09:14 Scout Tower
09:18 Arcane Tower
09:19 Guard Tower
09:21 Arcane Sanctum
11:07 Guard Tower
11:12 Blacksmith
11:13 Farm
11:20 Castle
11:46 Scout Tower
11:46 Scout Tower
11:47 Scout Tower
11:49 Scout Tower
11:49 Scout Tower
11:50 Scout Tower
11:55 Guard Tower
12:04 Scout Tower
12:05 Scout Tower
12:07 Scout Tower
12:53 Scout Tower
12:56 Scout Tower
13:20 Guard Tower
13:57 Guard Tower
14:03 Guard Tower
14:10 Scout Tower
14:11 Scout Tower
14:12 Scout Tower
14:13 Scout Tower
14:14 Scout Tower
14:33 Guard Tower
14:38 Scout Tower
14:39 Scout Tower
14:40 Scout Tower
14:41 Scout Tower
14:41 Scout Tower
14:43 Scout Tower
14:43 Scout Tower
14:44 Scout Tower
15:30 Guard Tower
15:31 Guard Tower
16:31 Town Hall
16:34 Scout Tower
16:35 Scout Tower
16:36 Scout Tower
17:04 Guard Tower
17:36 Guard Tower
17:38 Scout Tower
17:39 Scout Tower
17:40 Scout Tower
17:41 Scout Tower
17:43 Scout Tower
17:44 Scout Tower
17:44 Scout Tower
17:45 Scout Tower
17:45 Scout Tower
17:46 Scout Tower
17:47 Scout Tower
17:47 Scout Tower
17:48 Scout Tower
18:09 Scout Tower
18:10 Scout Tower
18:17 Guard Tower
18:36 Scout Tower
18:38 Scout Tower
18:39 Scout Tower
18:41 Scout Tower
18:41 Scout Tower
18:49 Guard Tower
19:25 Guard Tower
19:27 Guard Tower
19:50 Guard Tower
20:05 Scout Tower
20:11 Scout Tower
20:12 Scout Tower
20:25 Scout Tower
20:26 Guard Tower
21:09 Guard Tower
21:34 Guard Tower
22:26 Guard Tower
23:07 Barracks
27:29 Gryphon Aviary
28:19 Gryphon Aviary
28:26 Farm
28:27 Farm
28:28 Farm
28:29 Farm
28:30 Farm
28:31 Farm
28:32 Farm
28:33 Farm
28:33 Farm
28:41 Farm
28:51 Farm
30:16 Farm
34:37 Scout Tower
34:39 Scout Tower
35:14 Scout Tower
35:16 Guard Tower
35:17 Guard Tower
35:22 Scout Tower
35:23 Scout Tower
35:24 Scout Tower
35:25 Scout Tower
35:33 Scout Tower
35:36 Scout Tower
35:38 Scout Tower
36:10 Guard Tower
36:12 Scout Tower
36:13 Scout Tower
36:17 Scout Tower
36:23 Scout Tower
36:27 Scout Tower
36:49 Scout Tower
36:52 Guard Tower
36:58 Scout Tower
37:00 Guard Tower
37:06 Scout Tower
37:29 Guard Tower
37:39 Guard Tower
37:44 Scout Tower
37:54 Scout Tower
37:56 Scout Tower
38:28 Guard Tower
38:33 Scout Tower
38:36 Scout Tower
38:37 Scout Tower
39:02 Scout Tower
39:07 Guard Tower
39:54 Scout Tower
40:13 Scout Tower
40:17 Guard Tower
40:40 Scout Tower
40:41 Scout Tower
41:02 Scout Tower
41:17 Scout Tower
41:19 Scout Tower
41:25 Guard Tower
41:28 Scout Tower
41:29 Scout Tower
41:29 Scout Tower
41:46 Guard Tower
41:50 Guard Tower
41:53 Scout Tower
41:54 Scout Tower
41:55 Scout Tower
41:56 Scout Tower
41:56 Scout Tower
41:57 Scout Tower
41:59 Scout Tower
41:59 Scout Tower
42:00 Scout Tower
42:01 Scout Tower
42:48 Guard Tower
42:56 Guard Tower
43:28 Guard Tower
44:07 Guard Tower
44:24 Scout Tower
44:35 Scout Tower
44:36 Scout Tower
44:41 Scout Tower
44:42 Scout Tower
44:42 Scout Tower
45:03 Scout Tower
45:04 Scout Tower
45:05 Scout Tower
45:11 Guard Tower
45:16 Guard Tower
45:31 Guard Tower
46:13 Guard Tower
46:16 Scout Tower
46:17 Scout Tower
46:18 Scout Tower
46:19 Scout Tower
46:49 Guard Tower
47:35 Scout Tower
47:36 Scout Tower
47:41 Guard Tower
47:46 Scout Tower
48:21 Guard Tower
48:32 Guard Tower
49:12 Scout Tower
49:13 Scout Tower
49:45 Guard Tower
49:50 Scout Tower
49:52 Scout Tower
50:03 Scout Tower
51:28 Guard Tower
51:43 Scout Tower
51:44 Scout Tower
51:51 Scout Tower
51:53 Scout Tower
52:17 Scout Tower
52:18 Scout Tower
52:24 Guard Tower
52:34 Scout Tower
52:35 Scout Tower
52:36 Scout Tower
52:37 Scout Tower
52:39 Scout Tower
52:40 Scout Tower
52:41 Scout Tower
52:42 Scout Tower
52:43 Scout Tower
52:46 Scout Tower
52:47 Scout Tower
52:49 Scout Tower
52:50 Scout Tower
53:28 Guard Tower
53:38 Guard Tower
53:45 Scout Tower
53:46 Scout Tower
53:47 Scout Tower
53:53 Scout Tower
53:54 Scout Tower
53:55 Scout Tower
53:57 Scout Tower
54:02 Guard Tower
54:38 Guard Tower
54:40 Guard Tower
56:18 Lumber Mill
57:39 Guard Tower
57:56 Scout Tower
58:08 Scout Tower
58:48 Scout Tower
58:59 Scout Tower
59:10 Scout Tower
59:12 Scout Tower
61:24 Guard Tower
61:28 Scout Tower
65:16 Scout Tower
65:17 Scout Tower
65:17 Scout Tower
65:18 Scout Tower
65:20 Scout Tower
65:21 Scout Tower
65:22 Scout Tower
65:24 Scout Tower
65:39 Scout Tower
65:40 Scout Tower
65:44 Scout Tower
65:44 Scout Tower
65:46 Scout Tower
65:48 Scout Tower
65:50 Scout Tower
65:51 Scout Tower
65:54 Scout Tower
65:55 Scout Tower
66:35 Scout Tower
66:41 Scout Tower
66:42 Scout Tower
66:43 Scout Tower
66:44 Scout Tower
66:46 Scout Tower
66:49 Scout Tower
66:52 Scout Tower
66:53 Scout Tower
66:55 Scout Tower
66:56 Scout Tower
66:57 Scout Tower
66:58 Scout Tower
67:00 Scout Tower
67:03 Scout Tower
67:07 Scout Tower
» items
| Staff of Teleportation | 2 | |
| Boots of Speed | 2 | |
| Scroll of Regeneration | 2 | |
| Lesser Clarity Potion | 2 | |
| Healing Salve | 2 | |
10 total
Mata. (
purple | 62 APM | 6250 actions | 101:07)
4 Warden
2 Shadow Strike
2 Blink
» actions
| Assign group hotkey | 161 | |
| Basic commands | 72 | |
| Build / train | 106 | |
| ESC pressed | 3 | |
| Enter build submenu | 52 | |
| Enter hero's abilities submenu | 5 | |
| Give item / drop item | 1 | |
| Remove unit from queue | 10 | |
| Right click | 3488 | |
| Select / deselect | 932 | |
| Select group hotkey | 1169 | |
| Use ability | 249 | |
6250 total
» units
| Wisp | 26 | |
| Chimaera | 3 | |
| Druid of the Talon | 21 | |
| Hippogryph | 10 | |
60 total
» upgrades
| Nature's Blessing | 1 | |
| Druid of the Talon Training | 2 | |
| Hippogryph Taming | 1 | |
| Mark of the Talon | 1 | |
| Well Spring | 1 | |
| Strength of the Wild | 4 | |
| Reinforced Hides | 3 | |
| Ultravision | 1 | |
14 total
» buildings
| Altar of Elders | 3 | |
| Moon Well | 17 | |
| Tree of Ages | 2 | |
| Ancient of War | 4 | |
| Tree of Life | 4 | |
| Tree of Eternity | 2 | |
| Ancient of Wind | 2 | |
| Hunter's Hall | 2 | |
| Chimaera Roost | 6 | |
42 total
» build order
00:23 Altar of Elders
00:23 Moon Well
00:26 Altar of Elders
02:33 Moon Well
03:41 Moon Well
04:54 Moon Well
04:58 Moon Well
05:05 Tree of Ages
05:31 Ancient of War
05:39 Ancient of War
06:00 Tree of Life
06:27 Moon Well
10:49 Tree of Eternity
10:50 Ancient of Wind
12:59 Hunter's Hall
13:12 Ancient of War
13:12 Ancient of War
13:20 Tree of Life
13:55 Chimaera Roost
13:55 Chimaera Roost
13:58 Chimaera Roost
13:58 Chimaera Roost
14:00 Chimaera Roost
19:27 Tree of Life
23:15 Tree of Ages
25:04 Tree of Life
30:10 Ancient of Wind
33:08 Hunter's Hall
35:27 Tree of Eternity
48:04 Moon Well
48:08 Moon Well
48:15 Moon Well
57:14 Moon Well
91:53 Moon Well
93:17 Moon Well
93:19 Moon Well
93:20 Moon Well
93:22 Altar of Elders
93:38 Moon Well
93:41 Moon Well
94:30 Moon Well
» items
| Orb of Lightning | 1 | |
| Healing Salve | 1 | |
| Tiny Great Hall | 3 | |
| Potion of Mana | 1 | |
| Staff of Teleportation | 1 | |
7 total
team 2 (loser)

»
BagOfDutch (
yellow | 21 APM | 1090 actions | 52:43)
6 Demon Hunter
2 Immolation
3 Mana Burn
1 Metamorphosis
» actions
| Basic commands | 2 | |
| Build / train | 78 | |
| Enter build submenu | 20 | |
| Enter hero's abilities submenu | 6 | |
| Remove unit from queue | 1 | |
| Right click | 629 | |
| Select / deselect | 307 | |
| Use ability | 47 | |
1090 total
» units
| Wisp | 15 | |
| Archer | 7 | |
| Huntress | 5 | |
| Glaive Thrower | 4 | |
| Dryad | 32 | |
63 total
» upgrades
| Strength of the Wild | 2 | |
| Reinforced Hides | 2 | |
4 total
» buildings
| Moon Well | 8 | |
| Altar of Elders | 1 | |
| Ancient of War | 1 | |
| Hunter's Hall | 1 | |
| Ancient of Wonders | 1 | |
| Tree of Ages | 1 | |
| Ancient Protector | 3 | |
| Ancient of Lore | 2 | |
| Tree of Eternity | 1 | |
19 total
» build order
00:05 Moon Well
00:07 Altar of Elders
00:11 Ancient of War
01:48 Moon Well
02:59 Hunter's Hall
04:05 Moon Well
04:10 Ancient of Wonders
05:31 Moon Well
06:43 Moon Well
06:45 Tree of Ages
08:37 Moon Well
09:44 Ancient Protector
09:51 Ancient Protector
11:02 Ancient of Lore
11:07 Ancient of Lore
11:12 Ancient Protector
11:34 Tree of Eternity
24:29 Moon Well
24:46 Moon Well
» items
globe_rocks (
teal | 18 APM | 1845 actions | 101:07)
3 Blood Mage
2 Flame Strike
1 Siphon Mana
2 Pit Lord
1 Rain of Fire
1 Cleaving Attack
3 Demon Hunter
2 Evasion
1 Immolation
» actions
| Basic commands | 18 | |
| Build / train | 79 | |
| Enter build submenu | 26 | |
| Enter hero's abilities submenu | 9 | |
| Right click | 1070 | |
| Select / deselect | 565 | |
| Use ability | 78 | |
1845 total
» units
| Peasant | 10 | |
| Footman | 8 | |
| Siege Engine | 23 | |
41 total
» upgrades
| Defend | 1 | |
| Plating | 3 | |
| Gunpowder | 2 | |
| Masonry | 2 | |
| Lumber Harvesting | 2 | |
| Barrage | 1 | |
11 total
» buildings
| Barracks | 1 | |
| Altar of Kings | 2 | |
| Farm | 9 | |
| Lumber Mill | 1 | |
| Arcane Vault | 1 | |
| Scout Tower | 6 | |
| Guard Tower | 8 | |
| Keep | 1 | |
| Blacksmith | 1 | |
| Castle | 1 | |
| Workshop | 2 | |
| Necropolis | 3 | |
| Ziggurat | 2 | |
38 total
» build order
00:03 Barracks
00:04 Altar of Kings
00:05 Farm
00:11 Altar of Kings
00:37 Farm
01:58 Lumber Mill
02:42 Farm
02:43 Farm
03:41 Arcane Vault
04:10 Scout Tower
04:53 Guard Tower
05:16 Keep
05:36 Scout Tower
06:34 Guard Tower
07:08 Blacksmith
07:38 Castle
08:46 Workshop
08:47 Workshop
09:04 Scout Tower
09:05 Scout Tower
09:06 Scout Tower
09:07 Scout Tower
09:38 Guard Tower
10:24 Guard Tower
10:42 Guard Tower
10:56 Farm
10:57 Farm
10:58 Farm
11:47 Guard Tower
12:06 Guard Tower
13:34 Guard Tower
14:14 Farm
14:15 Farm
94:19 Necropolis
95:32 Necropolis
96:38 Necropolis
97:46 Ziggurat
98:32 Ziggurat
» items
| Scroll of Regeneration | 1 | |
| Ivory Tower | 5 | |
| Potion of Healing | 1 | |
7 total
PB-and-J (
red | 36 APM | 3236 actions | 91:09)
7 Blademaster
3 Wind Walk
3 Critical Strike
1 Bladestorm
2 Warden
1 Blink
1 Shadow Strike
» actions
| Assign group hotkey | 16 | |
| Basic commands | 33 | |
| Build / train | 98 | |
| Enter build submenu | 36 | |
| Enter hero's abilities submenu | 9 | |
| Give item / drop item | 6 | |
| Remove unit from queue | 1 | |
| Right click | 1794 | |
| Select / deselect | 1048 | |
| Select group hotkey | 48 | |
| Use ability | 147 | |
3236 total
» units
| Peon | 10 | |
| Grunt | 6 | |
| Demolisher | 8 | |
| Troll Batrider | 42 | |
| Makrura Deepseer | 1 | |
| Mur'gul Snarecaster | 1 | |
| Makrura Snapper | 1 | |
| Giant Sea Turtle | 1 | |
| Wind Rider | 2 | |
72 total
» upgrades
| Armor | 1 | |
| Liquid Fire | 1 | |
| Ranged Weapons | 3 | |
| Melee Weapons | 0 | |
| Burning Oil | 1 | |
6 total
» buildings
| Altar of Storms | 1 | |
| Orc Burrow | 7 | |
| Barracks | 1 | |
| War Mill | 1 | |
| Voodoo Lounge | 2 | |
| Stronghold | 1 | |
| Watch Tower | 24 | |
| Fortress | 1 | |
| Beastiary | 2 | |
40 total
» build order
00:05 Altar of Storms
00:08 Orc Burrow
00:12 Barracks
02:12 Orc Burrow
02:44 War Mill
03:25 Voodoo Lounge
04:33 Voodoo Lounge
04:48 Stronghold
04:51 Orc Burrow
07:27 Orc Burrow
08:30 Orc Burrow
09:19 Watch Tower
09:41 Watch Tower
10:57 Watch Tower
11:14 Watch Tower
11:15 Watch Tower
12:36 Fortress
14:00 Beastiary
14:23 Beastiary
16:07 Orc Burrow
16:12 Orc Burrow
18:45 Watch Tower
26:00 Watch Tower
37:16 Watch Tower
37:17 Watch Tower
37:19 Watch Tower
37:20 Watch Tower
38:02 Watch Tower
38:25 Watch Tower
39:02 Watch Tower
39:08 Watch Tower
39:45 Watch Tower
39:54 Watch Tower
40:34 Watch Tower
41:21 Watch Tower
42:31 Watch Tower
42:34 Watch Tower
42:45 Watch Tower
44:40 Watch Tower
45:10 Watch Tower
» items
| Healing Salve | 1 | |
| Lesser Clarity Potion | 1 | |
| Orb of Lightning | 1 | |
| Tiny Great Hall | 1 | |
| Staff of Teleportation | 2 | |
6 total
Smashin_Pumpkin (
blue | 24 APM | 2208 actions | 91:16)
8 Lich
3 Frost Nova
3 Frost Armor
1 Death and Decay
1 Dark Ritual
» actions
| Assign group hotkey | 15 | |
| Basic commands | 17 | |
| Build / train | 72 | |
| Enter build submenu | 17 | |
| Enter hero's abilities submenu | 8 | |
| Give item / drop item | 3 | |
| Right click | 1477 | |
| Select / deselect | 539 | |
| Select group hotkey | 22 | |
| Use ability | 38 | |
2208 total
» units
| Acolyte | 2 | |
| Ghoul | 6 | |
| Crypt Fiend | 15 | |
| Frost Wyrm | 18 | |
41 total
» upgrades
| Creature Carapace | 3 | |
| Creature Attack | 3 | |
| Unholy Strength | 1 | |
| Web | 1 | |
| Freezing Breath | 1 | |
9 total
» buildings
| Altar of Darkness | 1 | |
| Ziggurat | 10 | |
| Crypt | 1 | |
| Graveyard | 1 | |
| Spirit Tower | 8 | |
| Nerubian Tower | 1 | |
| Halls of the Dead | 1 | |
| Tomb of Relics | 1 | |
| Black Citadel | 1 | |
| Sacrificial Pit | 1 | |
| Boneyard | 4 | |
30 total
» build order
00:07 Altar of Darkness
00:10 Ziggurat
00:13 Crypt
01:09 Graveyard
01:25 Ziggurat
04:09 Ziggurat
04:18 Spirit Tower
04:19 Nerubian Tower
05:07 Spirit Tower
06:00 Ziggurat
06:30 Halls of the Dead
06:37 Ziggurat
06:41 Tomb of Relics
07:48 Spirit Tower
09:37 Black Citadel
09:41 Ziggurat
09:42 Ziggurat
09:48 Ziggurat
09:50 Ziggurat
09:52 Ziggurat
10:47 Spirit Tower
10:48 Spirit Tower
10:50 Spirit Tower
10:52 Spirit Tower
11:05 Spirit Tower
16:59 Sacrificial Pit
17:58 Boneyard
18:03 Boneyard
18:04 Boneyard
18:06 Boneyard
» items
Chat log
(00:05 / All) DIRTMCGIRT: dutch?
(00:12 / All) BagOfDutch: ?
(00:18 / All) BagOfDutch: yes?
(03:57 / Allies) Mata.: yea use milits
(04:00 / Allies) Mata.: 2 creep
(04:48 / All) globe_rocks: was it worth it?
(06:30 / Allies) Mata.: timg
(06:33 / Allies) Mata.: use milits to creep please
(07:14 / Allies) Mata.: come here then
(07:19 / All) PB-and-J: was that meant to be a hit?
(08:13 / Allies) Mata.: heal up T
(08:57 / Allies) Mata.: why are you trying to go there
(09:10 / Allies) Mata.: dirt
(09:11 / Allies) Mata.: stop
(09:12 / Allies) Mata.: backstbbing
(09:19 / Allies) Mata.: stop stealing creeps
(09:27 / Allies) Mata.: by killing them
(09:32 / Allies) Mata.: yes
(09:49 / Allies) Mata.: wow dirt
(10:00 / Allies) Mata.: dirt
(10:01 / Allies) Mata.: tab back in
(10:02 / Allies) Mata.: pleaze
(11:41 / Allies) Mata.: dirt
(11:43 / Allies) Mata.: stop creeping now OK
(11:52 / Allies) Mata.: yes
(11:54 / Allies) Mata.: but don't creep anymore
(13:24 / Allies) Mata.: tower so
(13:38 / Allies) Mata.: those guys splash
(14:31 / Allies) Mata.: send wyrms
(14:45 / Allies) Mata.: i'll kill siege
(14:47 / Allies) Mata.: go creep
(15:21 / Allies) Mata.: lotta aa
(15:29 / Allies) Mata.: who expandin
(16:41 / Allies) Mata.: send some workers blinn
(18:12 / Allies) Mata.: crystal ball
(19:03 / All) PB-and-J: by the way, this is the gatest strat ever
(19:34 / Allies) Mata.: i don't think i was yellin i was typihg
(19:43 / Allies) DIRTMCWordup: STOP CREEPING!!!!!!!!
(20:51 / All) Mata.: gg u noopies :D
(20:53 / Allies) Mata.: brt
(21:00 / All) Smashin_Pumpkin: wtf is a noopie
(21:05 / All) DIRTMCWordup: AHHAAH u fuvcken noopps
(21:09 / All) bLinn: nooopopoonoop
(21:11 / All) PB-and-J: lawxlllzlzlz is leleeeetttt!!!!111
(21:30 / All) DIRTMCWordup: hahahahahahh STFU!!!!!!!!!!
(21:30 / Allies) Mata.: dont tower expos too much
(21:32 / Allies) Mata.: mains almost out
(22:08 / Allies) Mata.: come on 6
(22:09 / Allies) Mata.: ty
(22:29 / Allies) Mata.: letting them do this
(23:04 / Allies) Mata.: dirt
(23:09 / Allies) Mata.: are you losing your base to bats?
(23:25 / Allies) Mata.: well you don't need to
(23:28 / Allies) Mata.: you can tower up otherwise
(23:32 / Allies) Mata.: i think taking mine is pretty moralizing
(23:36 / Allies) Mata.: dont let em take timbos tho
(23:45 / Allies) Mata.: brt
(23:53 / Allies) Mata.: ok
(23:55 / All) PB-and-J: pink.....
(24:01 / All) DIRTMCGIRT: gg u win
(24:06 / Allies) Mata.: yeah
(24:09 / Allies) Mata.: dont let em take more bases
(25:01 / Allies) Mata.: yeah i w ill
(25:08 / All) DIRTMCGIRT: red...
(25:10 / Allies) Mata.: feel free to not let them kill that yet
(25:17 / All) PB-and-J: hmmm you said gg
(25:48 / All) DIRTMCGIRT: lol
(25:53 / Allies) Mata.: not yet
(25:56 / Allies) Mata.: we're working on real peak
(26:09 / Allies) Mata.: this is a really small mountain
(26:33 / Allies) Mata.: i like river
(26:45 / Allies) Mata.: yeah
(26:54 / Allies) Mata.: yeah build bats even if you don't use them for now
(27:18 / Allies) Mata.: staff is warm
(27:24 / Allies) Mata.: wait
(27:27 / Allies) Mata.: we gotta let them expand i think
(27:35 / Allies) Mata.: hmmmmmmmmmmmmm
(28:56 / Allies) Mata.: okay
(28:58 / Allies) Mata.: the peak is ready
(29:50 / Allies) Mata.: yes pleaz
(29:51 / All) DIRTMCGIRT: clan pt4l
(29:55 / All) DIRTMCWordup: join or die...
(30:00 / All) Smashin_Pumpkin: o man im definitly joining
(30:03 / All) Smashin_Pumpkin: u guys are wicked cool
(30:05 / All) globe_rocks: ill join
(30:09 / All) DIRTMCWordup: u betta or ull gonna die
(30:19 / All) globe_rocks: well, death usually isnt fun
(30:21 / All) Smashin_Pumpkin: o well
(30:25 / All) BagOfDutch: leave and we'll all join we all got icon
(30:28 / All) PB-and-J: ahhhh il die
(30:33 / All) PB-and-J: meee scared
(30:35 / All) bLinn: step 1 to becomin more wicked cool: don't ever say wicked cool
(30:37 / All) PB-and-J: momeeyyyy
(30:47 / All) globe_rocks: haha, thats wicked cool
(30:51 / All) Smashin_Pumpkin: i dont wanna be wicked cool
(30:57 / All) Smashin_Pumpkin: cause then ill be like u
(30:58 / All) bLinn: u r goin the right way about it
(31:10 / All) Smashin_Pumpkin: ...no not really im nothin like u
(31:12 / All) globe_rocks: nice exp feed
(31:14 / All) Smashin_Pumpkin: i go outside from time to time
(31:44 / Allies) Mata.: dirt i dont think u should kill all they armies
(31:59 / Allies) Mata.: dont kill that expo dirt pelase
(32:21 / Allies) Mata.: they have no gold atm
(32:36 / All) PB-and-J: so how is you guy's acne?
(32:43 / All) DIRTMCGIRT: its calm rite now
(32:46 / All) DIRTMCGIRT: thanks for askin
(32:56 / Allies) Mata.: well its a cause i can get behind
(33:14 / Allies) Mata.: this should be a tower buffer zone too
(33:32 / Allies) Mata.: they need to keep that expo
(33:47 / Allies) Mata.: they're not as bad as the last team
(33:55 / Allies) Mata.: i don't think we can win this passively like we did
(34:06 / All) PB-and-J: AHHH MITILTA
(34:22 / All) DIRTMCWordup: FUCK
(34:31 / All) Mata.: we had this game...
(34:34 / Allies) Mata.: dont think they can
(34:35 / All) Smashin_Pumpkin: that sucks man
(34:39 / All) PB-and-J: when?
(34:41 / All) bLinn: fuck
(34:42 / All) Smashin_Pumpkin: those peasants did alot for u
(34:43 / Allies) Mata.: the other side of the river isn't reachable for them
(34:49 / All) Smashin_Pumpkin: now there did
(34:54 / Allies) Mata.: mb
(34:56 / All) DIRTMCGIRT: fuck i lost like all my wyrms cause u made no units jerks
(35:02 / All) DIRTMCGIRT: i hate u clan towa fags
(35:04 / All) DIRTMCGIRT: im goin rogue
(35:11 / All) BagOfDutch: clan towa?
(35:12 / All) PB-and-J: im scared
(35:14 / All) DIRTMCGIRT: rouge
(35:21 / All) Smashin_Pumpkin: rouge?
(35:29 / All) Smashin_Pumpkin: pb is rouge u cant be rouge
(35:35 / All) Smashin_Pumpkin: unless u mean rogue
(35:37 / Allies) Mata.: towaz
(35:50 / Allies) Mata.: this morainy area
(35:58 / Allies) Mata.: yeah you can MT peasants otherwis
(36:07 / All) PB-and-J: haxor
(36:47 / All) BagOfDutch: leave
(36:55 / All) DIRTMCWordup: FVCK U
(36:55 / All) BagOfDutch: lol
(36:58 / All) Mata.: yea im about too...
(36:59 / All) Smashin_Pumpkin: fvck?
(37:04 / All) Smashin_Pumpkin: not a word buddie
(37:05 / All) PB-and-J: how can you on the internet?
(37:09 / Allies) Mata.: buddie
(37:16 / All) DIRTMCWordup: no shut the fvck up
(37:17 / All) BagOfDutch: cyber sex man
(37:24 / All) DIRTMCWordup: there is no letter U in acient rome u diiot
(37:25 / All) Smashin_Pumpkin: lol ya cyber
(37:26 / All) PB-and-J: fvck?
(37:29 / All) Smashin_Pumpkin: its all these losers get
(37:37 / All) PB-and-J: we are in ancient rome?
(37:37 / All) BagOfDutch: hehe
(37:39 / Allies) Mata.: isnt that hall too far away
(37:45 / All) PB-and-J: thats news
(37:50 / All) DIRTMCWordup: if we were in rome id decapitate u/
(38:06 / All) BagOfDutch: gl with that
(38:21 / All) bLinn: man u guys think u hot shit cos u won this game
(38:24 / All) bLinn: 1v1??
(38:26 / Allies) Mata.: i'm going upkeep in a minute
(38:31 / Allies) Mata.: not sure what to get tho
(38:33 / All) Smashin_Pumpkin: we never said we were hot shit
(38:37 / All) Smashin_Pumpkin: why would i wanna be hot shit?
(38:39 / All) DIRTMCGIRT: but u thiought it
(38:41 / All) Smashin_Pumpkin: thats fuckin disgusting
(38:50 / Allies) Mata.: hmmm
(38:51 / All) PB-and-J: we did....
(38:53 / Allies) Mata.: can't be done
(38:54 / All) Smashin_Pumpkin: u guys are sick
(38:57 / All) PB-and-J: ???
(39:07 / All) Smashin_Pumpkin: go rape your dog or something plz
(39:08 / Allies) Mata.: this battle bores me....
(39:09 / All) BagOfDutch: their gay what you expect?
(39:15 / Allies) Mata.: not so strange seeing as how he's on tree clearing duty
(39:39 / Allies) Mata.: i have left bot behind
(39:40 / Allies) Mata.: for ever .
(39:41 / All) bLinn: lol red noob needs towers
(39:44 / All) DIRTMCGIRT: u guys tower noobs or something?
(39:54 / All) BagOfDutch: LOL
(39:57 / All) BagOfDutch: look at yourself
(39:59 / Allies) Mata.: timg
(40:02 / All) bLinn: cant win without towers noopies
(40:03 / Allies) Mata.: tele your woykers to the moraines
(40:37 / All) BagOfDutch: if you lost fuckin leave
(40:43 / Allies) Mata.: not worth it dirt
(40:45 / All) BagOfDutch: before i impregnate your mother
(40:46 / Allies) Mata.: i'll entangle it later
(40:46 / All) bLinn: lol its funny to see how angry u r
(40:53 / All) DIRTMCWordup: how can u
(40:54 / All) Smashin_Pumpkin: im not angry
(40:57 / All) DIRTMCWordup: i cut ur balls of
(41:08 / All) PB-and-J: cut ur ball of?
(41:10 / All) PB-and-J: of what?
(41:12 / All) BagOfDutch: atleast i had em in the first place BITCH
(41:12 / Allies) Mata.: 12.5 in those mines
(41:22 / All) bLinn: BITCH
(41:30 / All) PB-and-J: who?
(41:30 / Allies) Mata.: timg can you make like an aviary
(41:31 / Allies) Mata.: here
(41:34 / Allies) Mata.: in The Moraines
(41:35 / All) bLinn: FVCK
(41:37 / All) Smashin_Pumpkin: no your dogs the bitch
(41:40 / All) BagOfDutch: lolx
(41:42 / All) Smashin_Pumpkin: u know the one who gives us ex
(41:44 / All) Smashin_Pumpkin: sex*
(41:47 / All) bLinn: us ex
(41:48 / All) Smashin_Pumpkin: cause no one else will
(41:54 / All) bLinn: deus ex
(41:55 / All) Smashin_Pumpkin: i corrected myself u tool
(42:16 / All) Smashin_Pumpkin: why dont u think of a comeback instead making fun of a typo
(42:17 / All) bLinn: suck my dog dick smashin_frumpkin
(42:18 / All) Smashin_Pumpkin: moron
(42:23 / All) bLinn: u fucken rupe
(42:32 / All) BagOfDutch: lol called him self a dog
(42:32 / All) Smashin_Pumpkin: o shit he called me a rupe
(42:38 / All) Smashin_Pumpkin: get the rope ready guys im gunna hang myself
(42:41 / All) PB-and-J: rupe
(42:47 / All) BagOfDutch: lol
(42:55 / Allies) Mata.: wats a rupe
(42:57 / All) BagOfDutch: oj how old r u?
(43:02 / All) PB-and-J: 6
(43:06 / All) Smashin_Pumpkin: run oj
(43:10 / All) bLinn: lol rup
(43:14 / All) bLinn: got owned by the P a N d A
(43:15 / All) Smashin_Pumpkin: run for your silly hero's lives
(43:24 / All) Smashin_Pumpkin: owned? i havent lost a frostie u tool
(43:29 / Allies) Mata.: ?
(43:36 / All) bLinn: p fuck
(43:41 / All) Smashin_Pumpkin: HAHA
(43:45 / All) BagOfDutch: clan p4tal sucks or w/e its called
(43:47 / All) bLinn: lucker
(43:49 / All) bLinn: LUCKER
(43:53 / All) Smashin_Pumpkin: lucker
(43:53 / All) Smashin_Pumpkin: ha
(43:57 / All) globe_rocks: dammit
(44:00 / All) Mata.: FUCK YOU
(44:03 / All) Mata.: CLAN P4TAL FOR LIFE
(44:04 / All) globe_rocks: i went to make ice cream
(44:09 / All) Smashin_Pumpkin: for life?
(44:12 / Allies) Mata.: gonna try
(44:17 / All) Smashin_Pumpkin: your gunna play wc3 your whole life?
(44:19 / Allies) Mata.: not sure if poss on all of them tho
(44:23 / All) Smashin_Pumpkin: get a fuckin girl mate
(44:26 / All) bLinn: lol p4tl transcends war3
(44:34 / All) bLinn: warfreakz our clan leader IS A GIRL
(44:40 / All) Smashin_Pumpkin: so?
(44:40 / Allies) Mata.: next island prepped
(44:43 / All) PB-and-J: so he sais
(44:45 / All) bLinn: so owned
(44:50 / All) Smashin_Pumpkin: have u had relations with her?
(44:51 / All) PB-and-J: you have prolly had e sex with a male
(44:51 / All) Smashin_Pumpkin: no
(44:56 / All) Smashin_Pumpkin: shes probly 300 pounds anyways
(44:59 / All) bLinn: ya ur mother is a male
(45:02 / Allies) Mata.: have we got gold?
(45:08 / All) Smashin_Pumpkin: u would know this how?
(45:14 / All) bLinn: she had a dick
(45:16 / All) bLinn: dude...
(45:22 / All) Smashin_Pumpkin: so u banged a guy?
(45:24 / All) Smashin_Pumpkin: interesting
(45:28 / All) bLinn: ur mother is a hermaphrodite
(45:29 / All) Smashin_Pumpkin: so your one of them homosexuals
(45:37 / All) Smashin_Pumpkin: ok faggy boy
(45:38 / All) BagOfDutch: this is so pointless
(45:43 / All) BagOfDutch: lets finish this game
(45:44 / All) bLinn: rather be gay than have two gay dads LO
(45:49 / All) BagOfDutch: and stop wasting my life
(45:50 / All) Smashin_Pumpkin: u would?
(45:51 / All) PB-and-J: would you?
(45:55 / All) Smashin_Pumpkin: my dads have nothing to do with me u tool
(45:57 / All) DIRTMCWordup: FUCK
(46:01 / All) PB-and-J: haha
(46:05 / All) Smashin_Pumpkin: wow
(46:06 / All) bLinn: ur dads? LOL
(46:10 / All) Smashin_Pumpkin: u guys are stupider then my dog
(46:13 / Allies) Mata.: sweet
(46:13 / All) globe_rocks: WHY CAN'T WE ALL JUST <3?
(46:16 / Allies) Mata.: build an aviary there
(46:20 / Allies) Mata.: or something central
(46:22 / All) BagOfDutch: lol
(46:24 / All) bLinn: smashin frumpkin
(46:25 / Allies) Mata.: yea
(46:31 / All) Smashin_Pumpkin: whos that
(46:34 / All) globe_rocks: ill smash your mother
(46:49 / Allies) Mata.: go there instead
(46:50 / All) PB-and-J: having fun oranage?
(46:53 / All) Smashin_Pumpkin: its why oj is so dumb
(46:54 / All) bLinn: rupe
(46:59 / All) DIRTMCWordup: hahahah stfu dog dick lova
(47:02 / All) bLinn: nukka
(47:18 / All) DIRTMCGIRT: YO lol
(47:19 / All) bLinn: lol rupe were ur bats
(47:23 / All) PB-and-J: nukka?
(47:24 / All) bLinn: WERE UR FVCKN BATS
(47:26 / All) DIRTMCGIRT: RED U GOT ROCKED HAHA
(47:33 / All) PB-and-J: i got rocked?
(47:36 / Allies) Mata.: how the heck
(47:36 / All) DIRTMCGIRT: CLAN PT4L HACKIN U INTO DA NEXT CENTUARY
(47:38 / Allies) Mata.: blue saw it
(47:39 / All) bLinn: rocked ur face off
(47:39 / All) PB-and-J: you guys are my bats?
(47:40 / All) PB-and-J: what
(47:53 / All) PB-and-J: my face is gone?
(47:54 / All) PB-and-J: dang
(48:15 / All) bLinn: ur face just got rocked by the power and gospel of blinn so that it became separated from your face and floated gently into the
(48:18 / All) bLinn: tranquil evening sky
(48:26 / All) PB-and-J: really
(48:33 / All) Smashin_Pumpkin: whoa what do u know not only is he gay hes a poet
(48:39 / All) BagOfDutch: that was the gayest thing i've ever heard in my entire life
(48:42 / All) Smashin_Pumpkin: what a fuckin flamer
(49:26 / Allies) Mata.: yeah dont think that wood be poss
(49:45 / Allies) Mata.: blue saw lower right
(50:37 / Allies) Mata.: sorry blinn
(50:40 / Allies) Mata.: not letting you fuck up another game
(50:56 / Allies) Mata.: see
(51:00 / Allies) Mata.: you guys can't attack them
(51:03 / Allies) Mata.: they're not going to win this as it is
(51:14 / Allies) Mata.: you can't make this harder for them then it already is
(51:19 / Allies) Mata.: can you tp out
(51:23 / Allies) Mata.: just stop using units
(51:49 / Allies) Mata.: dont
(52:33 / Allies) Mata.: send them up
(52:46 / Allies) Mata.: fuck
(52:46 / Allies) Mata.: you
(52:47 / Allies) Mata.: dirt
(52:47 / Allies) Mata.: and
(52:48 / Allies) Mata.: blinn
(53:05 / All) DIRTMCGIRT: A PUSSY KLEAVES HAHA
(53:06 / All) DIRTMCGIRT: GG
(53:11 / Allies) Mata.: if you guys attack them i'm going to kill your heroes
(53:13 / All) Smashin_Pumpkin: kleaves?
(53:17 / All) Smashin_Pumpkin: should i look that up?
(53:21 / All) globe_rocks: you need a tome of intel you dumb fuck
(53:24 / Allies) Mata.: good
(53:28 / All) Smashin_Pumpkin: hahaha
(53:35 / Allies) Mata.: why would you ever have to go down.
(53:40 / All) bLinn: rupes like u cant even kill our towers
(53:44 / All) bLinn: i bet u we win with just our towers
(53:46 / Allies) Mata.: then i'm not giving you a TP
(54:03 / Allies) Mata.: it's some john matheson shit
(54:06 / All) Smashin_Pumpkin: u make it sound like 50 fuckin towers is weak
(54:10 / Allies) Mata.: "yea i'm just gonna kill one more base"
(54:18 / All) bLinn: build some siege? LOL
(54:22 / Allies) Mata.: "hehe well their army was in my base you know that's fair play"
(54:32 / All) Smashin_Pumpkin: nahhh
(54:38 / Allies) Mata.: look at how far they've gotten
(54:46 / Allies) Mata.: they haven't killed a single tower since game started
(55:34 / Allies) Mata.: each of his heroes has a staff of TP anyway
(55:36 / Allies) Mata.: so i don't even know
(55:38 / Allies) Mata.: what he's on about
(56:17 / All) DIRTMCGIRT: FUCK
(56:19 / All) DIRTMCGIRT: GG U WIN
(56:45 / Allies) Mata.: he been in position a while
(56:47 / Allies) Mata.: too small i think
(56:53 / Allies) Mata.: start here
(58:34 / Allies) Mata.: dont think you can staff to that
(59:01 / Allies) Mata.: they doin pretty good
(59:05 / Allies) Mata.: 2 left in this mine
(59:35 / Allies) Mata.: weird
(59:48 / All) bLinn: fuck... our last base
(59:58 / Allies) Mata.: WEIRD
(60:00 / Allies) Mata.: oom
(60:05 / Allies) Mata.: try now
(61:20 / Allies) Mata.: brill
(62:39 / All) Smashin_Pumpkin: u guys are awfully silent
(62:42 / All) Smashin_Pumpkin: why os tjay?
(62:45 / All) Smashin_Pumpkin: that*
(62:53 / All) bLinn: i can't tell u why tjay os....
(63:02 / All) Smashin_Pumpkin: once again i corrected myslef
(63:06 / All) Smashin_Pumpkin: myself*
(63:08 / All) Smashin_Pumpkin: like that
(63:11 / Allies) Mata.: heh
(63:13 / All) PB-and-J: how did you build there green?
(63:14 / All) globe_rocks: clan ktho
(63:15 / All) bLinn: just cos u correct urslef doesn't stop u bein a noob
(63:22 / All) globe_rocks: actualy fuck that, you nubs arnt allowed to join
(63:24 / All) bLinn: clan pt4l after the game
(63:28 / All) globe_rocks: we only take skill
(63:28 / All) bLinn: lol noobs?
(63:32 / Allies) Mata.: fuck nigga saw my air
(63:32 / Allies) DIRTMCGIRT: yo mata.
(63:34 / All) bLinn: we owned u
(63:38 / All) Smashin_Pumpkin: cause u lost
(63:41 / All) Smashin_Pumpkin: lol
(63:42 / All) bLinn: no lol we won this game
(63:43 / All) Smashin_Pumpkin: ya
(63:45 / All) Smashin_Pumpkin: u owned us
(63:50 / All) globe_rocks: we still have all 4 bases
(63:51 / Allies) Mata.: needs to be done sorry
(63:52 / All) Smashin_Pumpkin: as we destroy all your buildings
(64:04 / Allies) DIRTMCGIRT: yo mata u still my bro?
(64:05 / All) bLinn: lol rupes u will eat ur words
(64:07 / Allies) Mata.: so gay
(64:14 / All) Smashin_Pumpkin: not sure how u eat words..
(64:17 / Allies) Mata.: this is a tough nut to crack
(64:17 / All) PB-and-J: ya that rupes...
(64:19 / All) bLinn: same way u eat dick
(64:21 / All) bLinn: u fucken faggot
(64:26 / All) DIRTMCGIRT: fucken homo
(64:26 / All) Smashin_Pumpkin: hahahaha
(64:29 / All) PB-and-J: aww the kiddie is swearing now
(64:30 / All) Smashin_Pumpkin: ahahahahahaha
(64:32 / All) PB-and-J: cute
(64:34 / All) DIRTMCGIRT: How old r u
(64:36 / All) DIRTMCGIRT: get on vent
(64:37 / All) Smashin_Pumpkin: so u know how to eat dick?
(64:39 / All) Smashin_Pumpkin: hahahahahahaha
(64:39 / All) DIRTMCGIRT: so i can talk to ur mom
(64:42 / Allies) Mata.: i dont get why that doesnt work
(64:51 / Allies) Mata.: fill this island up
(64:52 / Allies) Mata.: and jump
(65:03 / Allies) Mata.: oh man
(65:04 / All) globe_rocks: your family is too poor to afford a vent server
(65:07 / Allies) Mata.: that 1 is kind of possible
(65:10 / All) DIRTMCGIRT: well i got one
(65:11 / Allies) Mata.: build towers and jump it
(65:13 / All) globe_rocks: 5 bucks a month..
(65:14 / All) DIRTMCGIRT: so obv not
(65:14 / Allies) Mata.: fill this island up
(65:16 / All) DIRTMCGIRT: wow red
(65:17 / All) DIRTMCGIRT: u suck
(65:28 / All) DIRTMCGIRT: learn 2 micro
(65:30 / All) bLinn: we lose...
(65:32 / All) Smashin_Pumpkin: why?
(65:33 / All) bLinn: WAIT
(65:34 / All) Smashin_Pumpkin: i dont have to
(65:40 / All) DIRTMCGIRT: r u red retard?
(65:43 / All) DIRTMCGIRT: stf
(65:44 / Allies) Mata.: fill that one too
(65:46 / All) DIRTMCGIRT: noob
(65:50 / All) PB-and-J: i red retard...yes
(65:52 / Allies) Mata.: yeah wrong escape angle
(65:54 / All) Smashin_Pumpkin: u never once said u were talking to red
(65:59 / All) Smashin_Pumpkin: moron
(66:00 / Allies) Mata.: gay
(66:04 / All) DIRTMCGIRT: lol
(66:06 / All) DIRTMCGIRT: wow red
(66:08 / Allies) Mata.: you'll jump into blue's base i think
(66:11 / All) DIRTMCGIRT: learn to micro
(66:19 / All) DIRTMCGIRT: u can check for urself dumbass
(66:21 / Allies) Mata.: i hop ezo
(66:36 / Allies) Mata.: :T
(66:59 / Allies) Mata.: how can we lose now
(67:05 / Allies) Mata.: there's no way they're gonna leave
(67:06 / Allies) Mata.: nice
(67:15 / All) globe_rocks: some how not a single one of our bases got dented.
(67:17 / Allies) Mata.: that's not losing
(67:24 / Allies) Mata.: that's a succesful perch
(67:37 / Allies) Mata.: i really want to get to the peak
(67:55 / All) Smashin_Pumpkin: we killed them all and all their altars
(67:56 / All) PB-and-J: they killed themsleves
(68:25 / Allies) Mata.: he can see us
(69:26 / Allies) Mata.: no
(69:37 / Allies) Mata.: wow thanks
(69:39 / Allies) Mata.: assume that was dirt
(70:00 / Allies) Mata.: i engage
(70:24 / Allies) Mata.: hmmm
(70:26 / Allies) Mata.: well not now
(70:29 / Allies) Mata.: it got their attention
(70:34 / Allies) Mata.: it's a long jump tho
(71:07 / Allies) Mata.: they can't crack towers
(71:10 / All) globe_rocks: thats unfortunate
(71:17 / Allies) Mata.: defend them i guess
(71:20 / Allies) Mata.: we can win now
(71:42 / All) Mata.: thats unfortunate. GG.
(71:46 / All) bLinn: gg
(72:21 / Allies) Mata.: n1 dirt
(72:35 / Allies) Mata.: shit did i
(72:40 / Allies) Mata.: i didn't notice my warden died
(72:42 / All) PB-and-J: pwnt
(72:58 / Allies) Mata.: i have a tiny on my warden
(75:07 / Allies) Mata.: he's gotta be 1 brokeass nig
(75:26 / Allies) DIRTMCWordup: man
(76:03 / All) DIRTMCWordup: hahaha u guys suck my dicko
(76:06 / Allies) Mata.: after this map i think we've mountaineered everything
(76:12 / Allies) Mata.: mntneered every mntn
(76:14 / All) Smashin_Pumpkin: we do?
(76:14 / All) PB-and-J: really?
(76:16 / All) Smashin_Pumpkin: how?
(76:20 / All) DIRTMCWordup: well
(76:21 / All) bLinn: u got owned
(76:25 / All) DIRTMCWordup: u place my dick i ur mouth
(76:26 / All) bLinn: o w n e d
(76:26 / All) Smashin_Pumpkin: we did?
(76:33 / All) DIRTMCWordup: then u slowly lick it and engulf it
(76:41 / All) bLinn: o w e n e d - my name is Owen so u got owened
(76:42 / All) DIRTMCWordup: back and forth back and forth
(76:46 / All) DIRTMCWordup: u open ur throat
(76:49 / All) DIRTMCGIRT: u unhinge ur jaw
(76:51 / All) Smashin_Pumpkin: im pretty sure we cant do that over the net
(76:53 / All) DIRTMCGIRT: liike a snake
(76:58 / All) DIRTMCGIRT: to encase his girth
(76:58 / All) DIRTMCWordup: so my dick can go in deeper
(77:02 / All) DIRTMCWordup: im fucking ur tonsils now
(77:09 / All) DIRTMCWordup: it feels good
(77:13 / All) globe_rocks: LOL
(77:14 / All) Mata.: its just filling you up...
(77:17 / All) DIRTMCWordup: i explode in ecstacy, but ur not ready
(77:18 / All) Mata.: its the most intense feeling...
(77:21 / All) DIRTMCWordup: u inhale a little of my seed
(77:27 / All) DIRTMCGIRT: but i squezze ur nose shut
(77:30 / All) DIRTMCWordup: and u cough for approxi. 35 seconds
(77:31 / All) DIRTMCGIRT: so u must swallow it
(77:34 / All) DIRTMCGIRT: to breathe
(77:37 / All) Mata.: you have to cough but you supress it
(77:38 / All) Smashin_Pumpkin: hahaha u guys are the kids who got the shit kicked out of u in school right?
(77:40 / All) Mata.: close your eyes...
(77:42 / All) DIRTMCWordup: then we embrace, and clutch eachother tightly for 25 minutes
(77:50 / All) globe_rocks: clearly
(78:05 / All) Smashin_Pumpkin: k so which is it did u get shit kicked every day for being a sick fuck?
(78:10 / All) Smashin_Pumpkin: or did your parents beat u?
(78:11 / All) DIRTMCWordup: ?
(78:19 / All) Smashin_Pumpkin: which one?
(78:20 / Allies) Mata.: he unsummed
(78:27 / All) Smashin_Pumpkin: clearly your fucked up beyond natural causes
(78:32 / All) DIRTMCWordup: a big fat kid tried to beat me up one time but wat i described to u is how i rape him
(78:34 / All) globe_rocks: lol, orange gets beat by his parents
(78:38 / All) globe_rocks: thats why hes being quiet
(78:42 / All) bLinn: LOL
(78:43 / All) Smashin_Pumpkin: hahahahaha
(78:46 / All) Smashin_Pumpkin: now hes gunna talk
(78:51 / All) Smashin_Pumpkin: like he doesnt care
(79:01 / All) DIRTMCWordup: smashin_pumpkin wanna sex with me
(79:02 / All) bLinn: sometimes they dont understand warcraft 3 is important to me
(79:06 / All) DIRTMCWordup: ill fill every orifice
(79:07 / All) globe_rocks: orange, your friends may not care for you
(79:09 / All) bLinn: make me not play & study the bible instead
(79:12 / All) DIRTMCWordup: with my love
(79:12 / All) globe_rocks: but our team ,loves you
(79:16 / All) Smashin_Pumpkin: then beat u?
(79:17 / All) DIRTMCGIRT: my dick is cold like a thermometer
(79:23 / All) DIRTMCGIRT: i stick it in u rbutt
(79:24 / All) bLinn: and if I can't recite scripture i get beaten :(
(79:25 / All) DIRTMCWordup: god said "dont spill ur seed" genesis-6:13
(79:26 / All) DIRTMCGIRT: u shiver in my arms
(79:29 / All) globe_rocks: if you need any support, myself, pb and smashin are all here for you
(79:34 / All) bLinn: so I play war3 to escape from the real world
(79:37 / All) Mata.: u guys better stop talking %&$# or else.....
(79:41 / All) bLinn: it's the one place i can feel safe...
(79:47 / All) Smashin_Pumpkin: lol
(79:50 / All) globe_rocks: or else what? your gunna tower on the sides of the maps?
(79:54 / All) DIRTMCGIRT: u guys seem klike cool dudes
(79:57 / All) DIRTMCWordup: u guys ever hear about the story of a guy named sodom and his bro gonorrahea?
(80:03 / All) globe_rocks: yea
(80:12 / All) DIRTMCWordup: they had incest and gay sex so god turned sodom into a pillar of salt
(80:13 / All) DIRTMCGIRT: nah bro it was sadam and gamera
(80:13 / All) Mata.: heh... no your not getting out of this one so easy... how about i come to your house and kick the shit out of you.
(80:17 / All) DIRTMCWordup: then had gonorahea kill him
(80:25 / All) DIRTMCGIRT: sadam hussein
(80:26 / All) globe_rocks: come
(80:26 / All) DIRTMCGIRT: im sayin
(80:27 / All) globe_rocks: bring it
(80:30 / All) bLinn: WHERE U LIVE SON
(80:32 / All) globe_rocks: winnipeg, manitoba
(80:33 / All) bLinn: WHERE U FUCKIN LIVE
(80:33 / All) DIRTMCGIRT: bring it on
(80:44 / All) Smashin_Pumpkin: winnipeg
(80:45 / All) globe_rocks: just above the us border
(80:52 / All) Mata.: where you live. i come. im going to pistol whip you.
(80:54 / All) Smashin_Pumpkin: in the center
(80:59 / All) bLinn: I live in winnibego missouri
(81:03 / All) globe_rocks: call my cell, 799-9394 and we'll arrange something later
(81:06 / All) bLinn: fuckin 20 minutes from u im gonna kick ur ass
(81:08 / All) DIRTMCWordup: gonna pistol whip u with his cock, like a hairspray can extra lrg
(81:09 / Allies) Mata.: sshit for real
(81:18 / All) Smashin_Pumpkin: hahaha missouri?
(81:21 / Allies) Mata.: writin number down
(81:30 / All) DIRTMCGIRT: put these nuts on ur chin bitch now whose in charge?
(81:30 / All) Smashin_Pumpkin: lemme guess u jack off to a pic of george bush every night?
(81:34 / All) bLinn: 172 maple drive, winnibego, missouri
(81:45 / All) Mata.: whats area code.
(81:46 / All) bLinn: hell yeah george bush is a genius
(81:49 / All) DIRTMCWordup: where u live blue
(81:55 / All) Mata.: im going to call you and laugh at scrawny lil kid nerd voice.
(81:57 / All) Smashin_Pumpkin: winnipeg
(82:01 / All) DIRTMCWordup: hahahahahaa
(82:02 / All) globe_rocks: bring it
(82:04 / All) DIRTMCWordup: where the fuck is that sorry
(82:08 / All) DIRTMCWordup: capital of fat usa
(82:08 / All) PB-and-J: ahh reveal
(82:17 / Allies) Mata.: nm bail!!!
(82:22 / All) Smashin_Pumpkin: im not american if i was id commit suicide
(82:36 / All) DIRTMCWordup: cANADA HAHAHAHAHA
(82:55 / All) DIRTMCGIRT: 2 bad
(82:56 / All) DIRTMCWordup: u enjoy sucking tim horton's dick.
(82:58 / All) DIRTMCGIRT: send a unit here
(83:00 / All) bLinn: come to winnibego missouri any fuckin time we can have a beer maybe kick back I can show you the sights
(83:04 / All) bLinn: THEN ILL KICK UR ASS
(83:05 / Allies) DIRTMCGIRT: i wanna show u a magicx trix
(83:13 / All) DIRTMCGIRT: i wanna show u some magix trix
(83:32 / Allies) Mata.: what are you still spending gold on
(83:38 / All) DIRTMCGIRT: yo run like a lil girl bitch
(83:44 / Allies) Mata.: blinn has some left
(83:47 / Allies) Mata.: from the 10 Gs i gave him
(83:49 / All) DIRTMCWordup: if u were in compton id fuck ur azz up right now
(83:49 / All) bLinn: if you show up at 172 maple drive & I am not there
(83:56 / All) bLinn: ring the bell at 171
(84:11 / All) DIRTMCWordup: thats his cousin "cuthroat" jim
(84:15 / All) DIRTMCWordup: we hang out there a lot
(84:22 / All) globe_rocks: more like deepthroat jum
(84:25 / All) globe_rocks: jim
(84:27 / All) DIRTMCWordup: fuck u
(84:27 / All) Smashin_Pumpkin: really? thats really fuckin interesting
(84:28 / All) globe_rocks: whatever the fuck his name his
(84:30 / All) Smashin_Pumpkin: hahahahahahahaha
(84:32 / All) Smashin_Pumpkin: nice globe
(84:34 / All) bLinn: NO U FUCKIN NERD deepthroat jum lives at 173
(84:35 / All) DIRTMCGIRT: wow how do u know
(84:36 / All) DIRTMCWordup: thats why hes cuthraot
(84:43 / All) Smashin_Pumpkin: wow thats really fuckin cool
(84:47 / All) Smashin_Pumpkin: thanks for telling me
(84:49 / All) bLinn: he plays basketball LITERALLY all the time
(84:50 / All) DIRTMCGIRT: shut it
(84:51 / All) DIRTMCGIRT: queer
(84:51 / All) DIRTMCWordup: if u ever fucking disrespect him ill kill u myself
(84:56 / All) DIRTMCWordup: they call me mika murda
(84:58 / All) DIRTMCWordup: mike
(84:59 / All) bLinn: so in light of that I think u can conclude he is playing basketball right now
(85:01 / All) DIRTMCGIRT: ill kill u rite now bitch
(85:04 / All) DIRTMCGIRT: for no reason
(85:13 / All) DIRTMCGIRT: its in da fuckin air bitch is killin season
(85:14 / Allies) Mata.: hmmm warden
(85:16 / All) DIRTMCWordup: hahahah bitch azz p*ssy ruinning arway
(85:17 / Allies) Mata.: wonder why they bring that up
(85:20 / All) Smashin_Pumpkin: how? were in different fuckin countries u piece of shit
(85:24 / All) Smashin_Pumpkin: go ahead kill me
(85:25 / All) DIRTMCWordup: where u live
(85:27 / All) DIRTMCWordup: where u live
(85:31 / All) DIRTMCWordup: ill fuckin come right now nigga
(85:32 / All) bLinn: I am a member of the CQ the Crazy Quails they are Winnibego's toughest roughest & bloughest gang
(85:34 / All) DIRTMCWordup: gimme adress
(85:35 / All) Smashin_Pumpkin: winnipeg, manitoba
(85:37 / All) Smashin_Pumpkin: im timing u
(85:46 / All) Smashin_Pumpkin: k your not here
(85:48 / All) DIRTMCWordup: gimme address u fucken pussy
(85:48 / All) Smashin_Pumpkin: wtf
(85:56 / All) Smashin_Pumpkin: 101 civic
(85:57 / Allies) Mata.: OK
(86:10 / All) Smashin_Pumpkin: get ur ass over here big guy
(86:12 / All) DIRTMCWordup: wats it like to be fat jealous canadian hahahahahaahahahah
(86:18 / All) bLinn: our leader dresses up as a chicken in the circus to feel more at home with our avian friends
(86:22 / All) Smashin_Pumpkin: jealous? of what?
(86:28 / All) DIRTMCWordup: jealous of USA
(86:31 / All) globe_rocks: ROFL
(86:33 / All) bLinn: CQ fo lyfe: you fly with us;- you die with us...
(86:40 / All) Mata.: USA USA USA #1
(86:44 / All) Mata.: USE OWN CANADA
(86:44 / All) DIRTMCWordup: every canadian have inferiortiy complex is known fact
(86:50 / All) bLinn: HOW MANY FUCKIN NUKES DOES CANADA HAVE
(86:51 / All) bLinn: 0
(86:53 / All) DIRTMCGIRT: yo our rival gang is the Ferocious Pheasants
(86:53 / All) bLinn: HOW MANY DO WE HAVE
(86:54 / All) bLinn: 2600
(86:54 / All) Smashin_Pumpkin: o really
(87:01 / All) globe_rocks: thats pathetic
(87:06 / All) PB-and-J: CANADA IS GONNA PASS THE US DOLLAR
(87:09 / All) Smashin_Pumpkin: why do we need nukes
(87:13 / All) DIRTMCWordup: you dont
(87:17 / All) DIRTMCWordup: you got big bro usa backin u
(87:18 / All) Smashin_Pumpkin: no one hates us for invading them for no reason
(87:20 / All) DIRTMCGIRT: cananda is on the dollar menu of americas sandwhich menus
(87:21 / All) Smashin_Pumpkin: so we dont need em
(87:30 / All) bLinn: you couldn't even invade someone if u tried
(87:30 / All) DIRTMCGIRT: (they are really cheap)
(87:36 / All) DIRTMCWordup: whats it like to be number 2 to america in everything
(87:36 / All) bLinn: all u have is an army of mountaenys
(87:40 / All) DIRTMCWordup: plz tell me
(87:45 / All) DIRTMCGIRT: u coucldnt even invade ur own sock drawere
(87:47 / All) DIRTMCGIRT: LOL
(87:48 / All) globe_rocks: america is gunna want our water in the near future, so dont go talking so much shit
(87:56 / All) DIRTMCGIRT: U COULDNT EVEN INVADE UR OWN SOCK DRAWRWRE
(87:57 / All) DIRTMCWordup: hahahahahahahahaha
(88:01 / All) DIRTMCWordup: what the fuck u say teal
(88:06 / All) bLinn: AND U HAVE TRIED L O L
(88:25 / Allies) Mata.: grab em all?
(88:27 / All) bLinn: whats wrong
(88:28 / All) DIRTMCWordup: hahaha pussy come
(88:29 / All) bLinn: u in a net??
(88:36 / All) DIRTMCWordup: hahahahahahhahahahahahahahahahahaha
(88:41 / All) bLinn: bitch in a net
(88:41 / All) Mata.: huahuauhuauhA
(88:59 / All) Smashin_Pumpkin: ffs
(89:01 / All) Mata.: GG CANADA
(89:01 / All) Mata.: GG
(89:09 / All) DIRTMCWordup: cnaada suck dick america # 1 always
(89:12 / All) DIRTMCWordup: hahahahahahaha fuckin faliure
(89:14 / All) bLinn: gg noops we just nuked u canadaian rupey faggots
(89:18 / All) DIRTMCWordup: go back to hating usa because ure jhealous
(89:23 / All) Mata.: your team terrible!!!!!!! hahahahahahahaha
(89:29 / All) bLinn: hows your canadian currency doing u fucken mooks not too well
(89:32 / All) globe_rocks: suck my dick?
(89:40 / All) Mata.: LOL
(89:41 / All) Mata.: TY
(89:41 / All) Mata.: TY
(89:42 / All) Mata.: TY
(89:43 / All) DIRTMCWordup: ahhahaahhaha
(89:44 / All) bLinn: FREE WIN
(89:45 / All) DIRTMCWordup: thanks for free win
(89:47 / All) DIRTMCWordup: begone
(89:48 / All) bLinn: THANK U FOR FREE WIN
(89:50 / All) DIRTMCWordup: u can leave my presents
(89:51 / All) globe_rocks: free win? lol
(89:55 / All) Mata.: TY SO MUCH!!!!!!!!!!!!!!!!
(89:56 / All) bLinn: 2ez noops
(89:57 / All) bLinn: 2 ez
(90:19 / All) PB-and-J: run bitvh
(90:20 / All) PB-and-J: bitch
(90:24 / All) bLinn: fvck u
(91:06 / All) PB-and-J: you can go fuck your mothers now
(91:20 / All) bLinn: NOOBS OWQNED
(91:24 / All) globe_rocks: im gunna go get something to eat
(91:25 / All) globe_rocks: brb
(91:27 / All) bLinn: UNINSTALLL & NEVER PLAY AGAIN
(91:31 / All) DIRTMCWordup: haha cya
(91:39 / All) globe_rocks: cya?
(91:40 / All) globe_rocks: no
(91:44 / All) globe_rocks: im staying here
(91:47 / Allies) Mata.: shure
(91:51 / All) DIRTMCWordup: ur gone in 3 min when we win game
(92:19 / All) DIRTMCWordup: hahaha leave
(92:26 / All) Mata.: LOL!
(92:28 / All) DIRTMCWordup: we let u kill our towers so u stay
(92:30 / All) DIRTMCWordup: how it feel
(92:31 / All) DIRTMCWordup: hahahah
(92:38 / All) bLinn: played u like a 2 dolla whore
(93:00 / Allies) Mata.: he whips it or somethin
(93:04 / Allies) Mata.: whip it with his burnin sword
(93:35 / All) DIRTMCGIRT: lol
(93:38 / All) DIRTMCGIRT: u thought u could win
(93:41 / All) DIRTMCGIRT: remember tat
(93:44 / All) DIRTMCWordup: hahahaha
(93:45 / All) bLinn: remember da days...
(93:47 / All) DIRTMCGIRT: but u could never trultgy do it
(93:48 / All) globe_rocks: yea
(93:50 / All) globe_rocks: i remember
(93:51 / All) Mata.: how can a noob be so wrong/? i dk
(93:52 / All) DIRTMCGIRT: because it was impossible
(93:53 / All) globe_rocks: clan ktho
(93:54 / All) DIRTMCGIRT: all along
(93:55 / All) globe_rocks: peace
(93:57 / All) Mata.: CLAN KTHO
(93:59 / All) Mata.: OK NOOB
(94:15 / All) bLinn: LEAVE NOOB SAVE URSELF THE EMBARRASSMENT
(94:18 / All) DIRTMCGIRT: i grant u permiosssion to leave
(94:21 / All) DIRTMCGIRT: leave me
(94:23 / Allies) Mata.: poog
(94:24 / All) DIRTMCGIRT: ur pussy bores me
(94:26 / All) DIRTMCWordup: hahahahahhahahahhaahahahahha
(94:35 / All) DIRTMCGIRT: it is lose from all the fuckin i gave it
(94:37 / All) DIRTMCGIRT: and ur moms
(94:56 / Allies) Mata.: we need to make a bot
(95:05 / Allies) Mata.: where we can add people to friendslists
(95:06 / All) globe_rocks: heh, i feel bad for what im about to do
(95:14 / All) DIRTMCWordup: what u gonna do, choke on my cock
(95:16 / All) DIRTMCWordup: hahahaha
(95:17 / All) bLinn: suck your own cock
(95:17 / Allies) Mata.: i'm curious
(95:18 / All) bLinn: LOL
(95:22 / All) globe_rocks: that'll be a discount
(95:25 / All) globe_rocks: for what im gunna do
(95:26 / All) bLinn: a u t o f e l l a t i o
(95:46 / All) DIRTMCGIRT: ur wisp got fucked
(96:55 / All) DIRTMCGIRT: gg
(96:56 / All) DIRTMCGIRT: noobs
(96:58 / All) DIRTMCWordup: gg ahahahhahaha
(97:16 / Allies) Mata.: i'm gonna manner expand red's base
(97:19 / Allies) Mata.: with my tiny
(97:44 / Allies) Mata.: broto
(97:47 / Allies) Mata.: he farmhiding
(98:02 / Allies) Mata.: he whacks thing with keg
(98:09 / Allies) Mata.: manner spanded
(99:17 / All) DIRTMCWordup: juiajaijaiaja
(99:21 / All) bLinn: is this the thing u were feelin bad about doin
(99:22 / All) DIRTMCWordup: we delay this game 2 hour
(99:22 / All) bLinn: LOL
(99:24 / All) bLinn: pathetick
(99:27 / All) DIRTMCWordup: u think delaying it 3 min bother us
(99:34 / All) bLinn: longer u make it the more we win noop
(100:08 / All) DIRTMCWordup: jhahahahahhaa gg
(100:12 / All) globe_rocks: you guys mh so hard its pathetic
(100:18 / All) DIRTMCWordup: ahhahahahahahahha
(100:21 / All) DIRTMCWordup: no u suck my dick
(100:24 / All) bLinn: we had units flying all over the map u fucken nerd
(100:25 / Allies) Mata.: so hard
(100:26 / All) DIRTMCWordup: so i turn on mh because ur gay
(100:27 / All) bLinn: at least admit when uve been owned
(100:31 / All) globe_rocks: im watching purps screen right now
(100:34 / All) Mata.: u suck dick so hard its pathetic...lol,
(100:49 / Allies) Mata.: yeah
(100:57 / All) globe_rocks: dont enter cc info purp
(101:00 / All) Mata.: GG :D
(101:01 / All) Mata.: GG
(101:02 / All) Mata.: GG
(101:02 / All) Mata.: GG
(101:03 / All) Mata.: GG
(101:03 / All) bLinn: GG
(101:04 / All) bLinn: GG
(101:05 / All) bLinn: L
(101:05 / All) bLinn: L
(101:06 / All) bLinn: L